 Dungeon Crawl Stone Soup version 0.30-a0-358-g0d69a1922f (webtiles) character file.

Game seed: 11608657921570487591

816 KennySheep the Conjurer (level 7, -5/50 HPs)
             Began as a Demigod Conjurer on Nov 10, 2022.
             Slain by Duvessa
             ... wielding a +0 short sword
              (10 damage)
             ... on level 5 of the Dungeon.
             The game lasted 00:12:59 (5361 turns).

KennySheep the Conjurer (Demigod Conjurer)          Turns: 5361, Time: 00:12:59

Health: -5/50      AC:  6    Str: 12    XL:     7   Next: 35%
Magic:  7/15       EV: 12    Int: 27    God:
Gold:   161        SH:  0    Dex: 11    Spells: 6/13 levels left

rFire   . . .      SeeInvis .    i - +2 whip (venom)
rCold   . . .      Faith    .    (no shield)
rNeg    . . .      Spirit   .    a - +0 robe
rPois   +          Reflect  .    z - +0 helmet
rElec   .          Harm     .    u - +0 cloak
rCorr   .          Rampage  .    (no gloves)
Will    .....                    (no boots)
Stlth   ++........               (no amulet)
HPRegen 0.28/turn                c - ring of poison resistance
MPRegen 0.14/turn                (no ring)

@: very slightly contaminated
A: high MP 1, forlorn, divine attributes, iridescent scales 1, strong 1,
evolution 1
a: no special abilities


You were on level 5 of the Dungeon.
You visited 1 branch of the dungeon, and saw 5 of its levels.

You collected 304 gold pieces.
You spent 143 gold pieces at shops.

Inventory:

Hand Weapons
 f - a +0 dagger
 i - a +2 whip of venom (weapon)
Missiles
 p - 4 throwing nets
Armour
 a - a +0 robe (worn)
 u - a +0 cloak (worn)
 z - a +0 helmet (worn)
Jewellery
 c - a ring of poison resistance (left hand)
Wands
 w - a wand of paralysis (9)
Scrolls
 d - a scroll of amnesia
 g - a scroll of torment
 j - a scroll of teleportation
 n - a scroll of vulnerability
 o - a scroll of enchant armour
 r - a scroll of butterflies
 v - a scroll of brand weapon
 x - a scroll of immolation {unknown}
 y - 2 scrolls of identify
Potions
 e - 2 potions of lignification
 h - a potion of brilliance {unknown}
 k - a potion of might
 l - 2 potions of mutation
 m - a potion of flight
 q - a potion of attraction {unknown}
 s - 3 potions of heal wounds
 t - 2 potions of curing


   Skills:
 - Level 1.7 Dodging
 - Level 1.7 Stealth
 + Level 3.5 Spellcasting
 * Level 6.1 Conjurations
 * Level 4.7 Translocations


You had 6 spell levels left.
You knew the following spells:

 Your Spells              Type           Power      Damage    Failure   Level
a - Magic Dart            Conj           100%       1d8       1%          1
b - Searing Ray           Conj           76%        2d7       1%          2
c - Iskenderun's Mystic   Conj/Tloc      34%        2d8       9%          4

Your spell library contained the following spells:

 Spells                   Type           Power      Damage    Failure   Level
 Dazzling Flash           Conj/Hex       42%        N/A       7%          3
 Mephitic Cloud           Conj/Pois/Air  15%        N/A       11%         3
 Passage of Golubria      Tloc           30%        N/A       12%         4
 Cigotuvi's Dreadful Rot  Necr/Pois/Air  8%         N/A       13%         2
 Poisonous Vapours        Pois/Air       8%         N/A       13%         2
 Sublimation of Blood     Necr           4%         N/A       13%         2
 Wereblood                Tmut           4%         N/A       13%         2
 Fulminant Prism          Conj/Hex       10%        3d9       24%         4
 Sticky Flame             Conj/Fire      21%        2d4       24%         4
 Ignite Poison            Fire/Tmut/Pois 4%         N/A       26%         3
 Tukima's Dance           Hex            4%         N/A       26%         3
 Alistair's Intoxication  Tmut/Pois      2%         N/A       93%         5
 Borgnjor's Vile Clutch   Necr/Erth      2%         N/A       93%         5
 Yara's Violent Unravell  Hex/Tmut       2%         3d3       93%         5
 Eringya's Noxious Bog    Tmut/Pois      2%         N/A       100%        6
 Summon Hydra             Summ           2%         N/A       100%        7
 Ignition                 Fire           2%         3d3       100%        8


Dungeon Overview and Level Annotations

Branches:
Dungeon (5/15)
 Temple: D:4-7

Shops:
D:3 !=![[

Annotations:
D:4 3 runed translucent doors, KennySheep's ghost, amateur TeRe
D:5 Duvessa


Innate Abilities, Weirdness & Mutations

You have an increased reservoir of magic. (+10% MP)
You shall have no god before yourself.
Your divine heritage dramatically boosts your attributes as you level up.
You are partially covered in iridescent scales. (AC +2)
Your muscles are strong. (Str +4, Int/Dex -1)
You have hidden genetic potential.


Message History

Duvessa closely misses you.
Casting: Searing Ray (safe; 1% risk of failure)
Confirm with . or Enter, or press ? or * to list all spells.
You erupt in a blast of force!
The mystic blast hits Duvessa!
Duvessa is heavily wounded.
Duvessa is knocked back by the mystic blast.
You hit Duvessa but do no damage.
Duvessa is poisoned.
Duvessa is heavily wounded.
Duvessa barely misses you. x2
You barely miss Duvessa.
Duvessa is heavily wounded.
Duvessa hits you with a +0 short sword! Duvessa completely misses you.
You barely miss Duvessa.
Duvessa is heavily wounded.
Duvessa hits you with a +0 short sword. Duvessa attacks as you move away!
Duvessa hits you with a +0 short sword! Duvessa barely misses you.
You see here an adder corpse.
You hit Duvessa.
Duvessa is heavily wounded.
Duvessa hits you with a +0 short sword.
Casting: Iskenderun's Mystic Blast (dangerous; 9% risk of failure)
Confirm with . or Enter, or press ? or * to list all spells.
You miscast Iskenderun's Mystic Blast.
You are very lightly contaminated with residual magic.
Nothing appears to happen.
Duvessa closely misses you. Duvessa hits you with a +0 short sword.
Magic courses through your body. Duvessa hits you with a +0 short sword.
Casting: Iskenderun's Mystic Blast (dangerous; 9% risk of failure)
Confirm with . or Enter, or press ? or * to list all spells.
You miscast Iskenderun's Mystic Blast.
Nothing appears to happen.
Duvessa hits you with a +0 short sword. Duvessa hits you with a +0 short sword!
* * * LOW HITPOINT WARNING * * *
Casting: Iskenderun's Mystic Blast (dangerous; 9% risk of failure)
Confirm with . or Enter, or press ? or * to list all spells.
You erupt in a blast of force!
The mystic blast hits Duvessa but does no damage.
Duvessa is heavily wounded.
Duvessa hits you with a +0 short sword!
You die...

##.#. ### ## .... ...#
##.## #. #..#
#.###...######### #..#
#.....#..........
##..####.###...###<#####
##.).##...# ##.## #.#
#.#..##.#†# #.# #.###
##.#e##.#.####.####...#
###....#.e@.........###.#
...............##.## #.#
# ####.......###.##.# #.#
# .........># ....# #.# #
####...$..#
...###.###.###
###.#...........).......
#.#........###.###.###
.........#.# #.# #
##.#......#.# #.# #


You could see Duvessa (berserk, poisoned).

Vanquished Creatures
  Grinder (D:5)
  2 black bears (D:4)
  An ogre (D:3)
  Dowan (D:5)
  A hound (D:5)
  5 gnolls
  10 adders
  A shadow imp (D:5)
  2 ufetubi
  4 dart slugs
  An orc (D:5)
  6 ball pythons
  8 endoplasms
  6 giant cockroaches
  11 goblins
  16 hobgoblins
  6 jackals (D:1)
  12 kobolds
  2 quokkas
  7 bats
  5 frilled lizards
  3 rats
111 creatures vanquished.

Notes
Turn   | Place    | Note
-------+----------+-------------------------------------------
     0 | D:1      | KennySheep the Demigod Conjurer began the quest for the
                  | Orb.
     0 | D:1      | Reached XP level 1. HP: 14/14 MP: 5/5
   222 | D:1      | Reached XP level 2. HP: 13/20 MP: 1/7
   230 | D:1      | Reached skill level 1 in Translocations
   409 | D:1      | Reached skill level 4 in Conjurations
   610 | D:1      | Reached XP level 3. HP: 26/26 MP: 5/8
  1832 | D:2      | Reached XP level 4. HP: 33/33 MP: 2/10
  2832 | D:3      | Noticed an ogre
  2836 | D:3      | Killed an ogre
  2837 | D:3      | Reached XP level 5. HP: 38/38 MP: 5/11
  2889 | D:3      | Found Udghazu's Distillery.
  2906 | D:3      | Bought a potion of heal wounds for 65 gold pieces
  2906 | D:3      | Bought a potion of curing for 39 gold pieces
  2906 | D:3      | Bought a potion of lignification for 39 gold pieces
  3221 | D:3      | Found Meptututet's Armour Boutique.
  3655 | D:3      | Found Awnoloss's Armour Emporium.
  3694 | D:3      | Reached skill level 5 in Conjurations
  3736 | D:3      | Found Qodus's Jewellery Boutique.
  3769 | D:3      | Found Gehec's Distillery.
  3924 | D:4      | Noticed a black bear
  3924 | D:4      | Noticed a black bear
  3955 | D:3      | Learned a level 2 spell: Searing Ray
  3960 | D:3      | Learned a level 4 spell: Iskenderun's Mystic Blast
  4044 | D:4      | Killed a black bear
  4045 | D:4      | Reached XP level 6. HP: 40/45 MP: 2/13
  4361 | D:4      | Identified the +1 ring mail "Dene" {Int+3 Dex-2}
  4373 | D:4      | Gained mutation: You have hidden genetic potential. [potion
                  | of mutation]
  4373 | D:4      | Gained mutation: Your muscles are strong. (Str +4, Int/Dex
                  | -1) [potion of mutation]
  4588 | D:4      | Found a runed translucent gate.
  4588 | D:4      | Found a runed translucent gate.
  4589 | D:4      | Found a runed translucent gate.
  4908 | D:4      | Noticed KennySheep's ghost (amateur TeRe)
  4948 | D:5      | Entered Level 5 of the Dungeon
  4949 | D:5      | Noticed Grinder
  4959 | D:5      | Killed Grinder
  4960 | D:5      | Reached XP level 7. HP: 39/50 MP: 2/15
  4974 | D:5      | Gained mutation: You are partially covered in iridescent
                  | scales. (AC +2) [hidden potential]
  5071 | D:5      | Reached skill level 6 in Conjurations
  5339 | D:5      | Noticed Dowan
  5341 | D:5      | Noticed Duvessa
  5347 | D:5      | Killed Dowan
  5361 | D:5      | Slain by Duvessa

Illustrated notes

Levels and vault maps discovered:
D:1:      moated_graveyard_arrival, layout_basic,
          hellmonk_ecumenical_altar_dog_temple
D:2:      minmay_door_path, layout_basic, basic_altar, minmay_increasing_density
D:3:      layout_loops_corners, serial_shops, nicolae_diamond_shop,
          nicolae_shop_statue_plus, shop, nicolae_shop_trees,
          nicolae_shop_temple_entry_statues_fountains
D:4:      layout_gridville, gammafunk_ghost_icy
D:5:      layout_loops_ring, kennysheep_orc_sif_temple, uniq_ijyb,
          uniq_menkaure, uniq_duvessa, uniq_grinder

Skill      XL: |  1  2  3  4  5  6  7 |
---------------+----------------------+-----
Translocations | 1 2 3 4 |  4.7
Spellcasting   | 2 3 |  3.5
Conjurations   | 4 5 6 |  6.1
Dodging        | |  1.7
Stealth        | |  1.7

Action                   |  1- 3 |  4- 6 |  7- 9 || total
-------------------------+-------+-------+-------++-------
Melee: Dagger            |    22 |       |       ||    22
       Unarmed           |     3 |       |       ||     3
       Whip              |     3 |    19 |     5 ||    27
 Cast: Magic Dart        |    88 |   108 |     9 ||   205
       Searing Ray       |       |     7 |     3 ||    10
       Iskenderun's Myst |       |       |     3 ||     3
  Use: Scroll            |       |     7 |       ||     7
       Potion            |       |     3 |     1 ||     4
Armor: Robe              |     6 |     5 |       ||    11
Dodge: Dodged            |    27 |    29 |    10 ||    66

Table legend: (Time is in decaauts)
 A = Elapsed time spent in this place.
 B = Non-inter-level travel time spent in this place.
 C = Inter-level travel time spent in this place.
 D = Time resting spent in this place.
 E = Time spent auto-exploring this place.
 F = Levels seen in this place.
 G = Mean time per level.
                   A        B        C        D        E       F      G
               +--------+--------+--------+--------+--------+-----+--------+
         Total |   5361 |   5191 |    170 |     62 |   4541 |   5 | 1072.2 |
       Dungeon |   5361 |   5191 |    170 |     62 |   4541 |   5 | 1072.2 |
               +--------+--------+--------+--------+--------+-----+--------+

Top non-repeatable levels by time:
     D:2: 1497 daAuts
     D:1: 1325 daAuts
     D:3: 1107 daAuts
     D:4: 1017 daAuts
     D:5: 413 daAuts
